 Dungeon Crawl Stone Soup version 0.28.0-45-g0d030f2227 (webtiles) character file.

Game seed: 16138855549697224529

17555 101zpm the Eclecticist (level 12, -2/64 HPs)
             Began as a Deep Elf Ice Elementalist on Apr 20, 2022.
             Was a High Priest of Makhleb.
             Slain by an orc warrior
             ... wielding a +0 hand axe
              (14 damage)
             ... on level 2 of the Orcish Mines.
             The game lasted 01:29:09 (23421 turns).

101zpm the Eclecticist (Deep Elf Ice Elementalist) Turns: 23421, Time: 01:29:09

Health: -2/64      AC:  8    Str: 11    XL:     12   Next: 19%
Magic:  27/42      EV: 15    Int: 26    God:    Makhleb [*****.]
Gold:   1294       SH:  0    Dex: 15    Spells: 30/42 levels left

rFire   . . .      SeeInvis .   t - +2 dagger (holy)
rCold   + + +      Faith    .   (no shield)
rNeg    . . .      Spirit   .   U - +2 robe {rF+}
rPois   .          Reflect  .   (no helmet)
rElec   .          Harm     .   L - +0 cloak
rCorr   .          Rampage  .   W - +0 pair of gloves
Will    +....                   F - +1 pair of boots
Stlth   +++.......              u - amulet of regeneration
HPRegen 1.00/turn               b - +6 ring of strength
MPRegen 0.28/turn               w - ring "Publom" {Drain rF- rC+++ MP+9 Slay+5}

@: studying Staves
A: no striking features
a: Renounce Religion, Minor Destruction, Lesser Servant of Makhleb, Major
Destruction, Greater Servant of Makhleb


You were on level 2 of the Orcish Mines.
You worshipped Makhleb.
Makhleb was extremely pleased with you.
You visited 2 branches of the dungeon, and saw 12 of its levels.
You also visited: Sewer and Bailey.

You collected 1359 gold pieces.
You spent 65 gold pieces at shops.

Inventory:

Hand Weapons
 t - a +2 dagger of holy wrath (weapon)
 x - a +1 flail of holy wrath
 S - a +5 trident
 X - a +5 falchion
Missiles
 h - 92 bolts
 i - 364 stones
 j - 157 arrows
 o - 4 throwing nets
 s - 42 poisoned darts
 N - a curare-tipped dart
 P - 21 boomerangs
Armour
 k - a +0 leather armour of fire resistance
 F - a +1 pair of boots (worn)
 L - a +0 cloak (worn)
 O - +0 acid dragon scales
 U - a +2 robe of fire resistance (worn)
 W - a +0 pair of gloves (worn)
Magical Staves
 Q - a staff of conjuration
Jewellery
 b - a +6 ring of strength (left hand)
 e - an amulet of reflection
 u - an amulet of regeneration (around neck)
 w - the ring "Publom" (right hand) {Drain rF- rC+++ MP+9 Slay+5}
   (You took it off a hobgoblin on level 4 of the Dungeon)

   [ring of magical power]

   Slay:      It affects your accuracy & damage with ranged weapons and melee
   (+5).
   rF:        It makes you vulnerable to fire.
   rC:        It renders you almost immune to cold.
   MP:        It affects your magic capacity (+9).
   Drain:     It drains your maximum health when unequipped.
 V - a ring of magical power
Wands
 f - a wand of iceblast (16)
 g - a wand of flame (27)
 B - a wand of charming (12)
 I - a wand of digging (2)
 M - a wand of acid (3)
Scrolls
 c - 3 scrolls of fear
 d - 5 scrolls of teleportation
 m - a scroll of identify
 q - 3 scrolls of blinking
 r - a scroll of magic mapping
 y - a scroll of summoning
 C - a scroll of amnesia
 E - a scroll of enchant armour {unknown}
 G - 2 scrolls of fog
 J - a scroll of immolation {unknown}
 T - a scroll of silence {unknown}
 Z - 2 scrolls of holy word {unknown}
Potions
 l - a potion of magic {unknown}
 n - 2 potions of invisibility
 p - 3 potions of heal wounds
 v - 4 potions of flight
 z - a potion of haste {unknown}
 A - 2 potions of degeneration {unknown}
 D - 2 potions of might {unknown}
 H - a potion of brilliance {unknown}
 K - 2 potions of curing
 Y - a potion of berserk rage {unknown}
Miscellaneous
 a - a box of beasts
 R - a piece from Xom's chessboard (15/15)


   Skills:
 + Level 3.1 Fighting
 + Level 3.4 Short Blades
 + Level 3.0 Maces & Flails
 + Level 3.1 Armour
 + Level 6.3 Dodging
 + Level 4.6 Stealth
 + Level 15.6 Spellcasting
 + Level 4.9 Conjurations
 + Level 2.3 Necromancy
 + Level 13.1 Ice Magic
 + Level 3.8 Invocations


You had 30 spell levels left.
You knew the following spells:

 Your Spells              Type           Power      Damage    Failure   Level
a - Freeze                Ice            100%       1d11      0%          1
b - Frozen Ramparts       Ice            100%       1d12      1%          3
c - Ozocubu's Armour      Ice            73%        N/A       1%          3
d - Hailstorm             Conj/Ice       61%        3d13      1%          4
e - Pain                  Necr           100%       1d9       1%          1

Your spell library contained the following spells:

 Spells                   Type           Power      Damage    Failure   Level
 Agony                    Necr           32%        N/A       28%         5
 Excruciating Wounds      Necr           16%        N/A       28%         5


Dungeon Overview and Level Annotations

Branches:
Dungeon (10/15)            Temple (0/1) D:7            Lair (0/6) D:10
    Orc (2/2) D:9           Sewer (visited)          Bailey (visited)
    Elf: Orc:2

Altars:
Ashenzari
Dithmenos
Elyvilon
Fedhas
Gozag
Hepliaklqana
Kikubaaqudgha
Makhleb
Uskayaw
Vehumet
Xom
Zin
The Shining One

Shops:
D:4 ?

Annotations:
D:10 exclusion: orange crystal statue
Orc:2 Saint Roka


Message History

Casting: Hailstorm (dangerous; 1% risk of failure)
Confirm with . or Enter, or press ? or * to list all spells.
Casting: Hailstorm (dangerous; 1% risk of failure)
Press: ? - help, Dir - look around, f - activate
Okay, then.
Aiming: Major Destruction (28% risk of failure)
Press: ? - help, Shift-Dir - straight line The bolt of magma misses the orc warrior.
The bolt of magma misses the orc.
The orc warrior hits you with a +0 hand axe.
Casting: Hailstorm (dangerous; 1% risk of failure)
Confirm with . or Enter, or press ? or * to list all spells.
Casting: Hailstorm (dangerous; 1% risk of failure)
Press: ? - help, Dir - look around, f - activate A cannonade of hail descends around you!
The hail pelts the orc warrior!
You kill the orc warrior!
Makhleb accepts your kill.
The hail pelts the orc!
You kill the orc!
Makhleb accepts your kill.
You feel better.
The hail pelts the orc!
You kill the orc!
Makhleb accepts your kill.
The hail pelts the orc warrior!
The orc warrior is heavily wounded.
The hail pelts the orc warrior!!
You kill the orc warrior!
Makhleb accepts your kill.
You feel better.
Saint Roka roars a battlecry!
The orcs go into a battle-frenzy!
The orc warrior throws a boomerang.
The boomerang hits you but does no damage.
The orc warrior hits you with a +0 hand axe!
Saint Roka mumbles some strange prayers to Beogh against you.
Beogh smites you!
* * * LOW HITPOINT WARNING * * *
The orc warrior hits you with a +0 hand axe!
You die...

...# ...
...## ....
#...##...
##.......
##..)...#
##..).)..#.##
#..)...).....
#.)..@o.)....
#..)......#..
##..))o)).#
##..))Oo....
##..o......
####......
...### ####


You could see Saint Roka, 2 orc warriors, an ogre and an orc (strong).

Vanquished Creatures
  Erolcha (D:9)
  4 two-headed ogres
  2 orc high priests (Orc:1)
  2 orc knights (Bailey)
  Maurice (D:8)
  Joseph (D:7)
  Maggie (D:7)
  A komodo dragon (D:10)
  A troll (Orc:1)
  2 hornets (D:8)
  A meliai zombie (D:10)
  A shadow (D:10)
  A vampire (D:10)
  9 yaks (D:8)
  Grum (D:10)
  A wyvern (D:9)
  4 humans (D:7)
  A steam dragon (D:8)
  2 wargs
  Menkaure (D:7)
  An acid dragon (D:10)
  2 water moccasins
  20 orc warriors
  2 ice beasts (D:6)
  2 sky beasts
  A hornet zombie (D:6)
  A necrophage (D:6)
  13 ogres
  4 wolves (D:10)
  3 phantoms
  8 kobold brigands
  3 bullfrogs
  A scorpion (D:4)
  2 water moccasin zombies
  A water moccasin skeleton (D:2)
  5 killer bees (D:9)
  8 wights
  A vampire bat (D:8)
  3 howler monkeys
  4 centaur zombies
  2 hounds
  3 jellies
  3 orc priests
  A centaur skeleton (D:7)
  A gnoll shaman (D:7)
  Jessica (D:2)
  2 iguanas (D:6)
  Ijyb (D:4)
  8 orc wizards
  2 howler monkey zombies
  A howler monkey skeleton (D:4)
  7 adders
  14 gnolls
  6 river rats (Sewer)
  A shadow imp (D:6)
  2 white imps
  An ufetubus (D:6)
  2 dart slugs (D:1)
  7 worms
  52 orcs
  5 bat skeletons (D:8)
  2 bat zombies (D:8)
  8 endoplasms
  3 giant cockroaches
  9 goblins
  11 hobgoblins
  7 jackals (D:1)
  39 kobolds
  4 quokkas
  7 ball pythons
  7 bats
  2 frilled lizards (D:1)
  9 rats
  A spectral goblin (D:8)
354 creatures vanquished.

Vanquished Creatures (collateral kills)
  Prince Ribbit (D:8)
  2 orcs (D:8)
3 creatures vanquished.

Grand Total: 357 creatures vanquished

Notes
Turn   | Place    | Note
-------+----------+-------------------------------------------
     0 | D:1      | 101zpm the Deep Elf Ice Elementalist began the quest for
                  | the Orb.
     0 | D:1      | Reached XP level 1. HP: 10/10 MP: 6/6
   306 | D:1      | Reached XP level 2. HP: 15/15 MP: 6/8
   457 | D:1      | Found a faded altar of an unknown god.
  1123 | D:1      | Reached XP level 3. HP: 19/19 MP: 8/10
  1293 | D:1      | Reached skill level 5 in Ice Magic
  1785 | D:1      | Prayed at the altar of an unknown god.
  1785 | D:1      | Became a worshipper of Makhleb the Destroyer
  1785 | D:1      | Reached * piety under Makhleb
  1806 | D:1      | Learned a level 3 spell: Frozen Ramparts
  1810 | D:1      | Learned a level 3 spell: Ozocubu's Armour
  2044 | D:2      | Reached skill level 4 in Spellcasting
  2193 | D:2      | Reached XP level 4. HP: 14/24 MP: 7/12
  2345 | D:2      | Learned a level 4 spell: Hailstorm
  2795 | D:2      | Reached XP level 5. HP: 10/28 MP: 14/14
  3234 | D:2      | Noticed Jessica
  3241 | D:2      | Killed Jessica
  3242 | D:2      | Reached skill level 5 in Spellcasting
  3729 | D:3      | Found a glowing drain.
  3748 | Sewer    | Entered a sewer
  4326 | Sewer    | Reached skill level 1 in Fighting
  4326 | Sewer    | Reached skill level 1 in Maces & Flails
  4358 | Sewer    | Reached XP level 6. HP: 15/34 MP: 9/15
  4737 | Sewer    | Reached ** piety under Makhleb
  5653 | Sewer    | Reached XP level 7. HP: 24/38 MP: 17/17
  6165 | D:3      | Found a burning altar of Makhleb.
  6585 | D:4      | Reached skill level 6 in Spellcasting
  6595 | D:4      | Noticed Ijyb
  6766 | D:4      | Identified the ring "Publom" {Drain rF- rC+++ MP+9 Slay+5}
  7114 | D:4      | Killed Ijyb
  7308 | D:4      | Found Jieneh's Magic Scroll Boutique.
  7402 | D:4      | Bought a scroll of noise for 13 gold pieces
  7402 | D:4      | Bought a scroll of identify for 26 gold pieces
  7402 | D:4      | Bought a scroll of identify for 26 gold pieces
  7532 | D:5      | Entered Level 5 of the Dungeon
  7553 | D:5      | Reached *** piety under Makhleb
  7555 | D:5      | Reached skill level 7 in Spellcasting
  7685 | D:5      | Reached XP level 8. HP: 41/44 MP: 20/20
  8530 | D:6      | Reached skill level 1 in Conjurations
  8745 | D:6      | Reached skill level 8 in Spellcasting
  8795 | D:6      | Reached skill level 1 in Armour
  8816 | D:6      | Reached skill level 1 in Short Blades
  9045 | D:6      | Reached skill level 9 in Spellcasting
  9045 | D:6      | Reached XP level 9. HP: 43/48 MP: 15/24
  9961 | D:7      | Noticed Maggie
 10733 | D:7      | Noticed Joseph
 11045 | D:7      | Killed Joseph
 11046 | D:7      | Reached skill level 10 in Spellcasting
 11201 | D:7      | Noticed Menkaure
 11266 | D:7      | Reached skill level 5 in Dodging
 11470 | D:7      | Killed Maggie
 11654 | D:7      | Reached **** piety under Makhleb
 11752 | D:7      | Found a shadowy altar of Dithmenos.
 11752 | D:7      | Found a shimmering altar of Xom.
 11754 | D:7      | Found a hide-covered altar of Uskayaw.
 11899 | D:7      | Reached XP level 10. HP: 41/54 MP: 26/26
 12208 | D:7      | Found a staircase to the Ecumenical Temple.
 12289 | D:7      | Found a broken altar of Ashenzari.
 12311 | D:7      | Killed Menkaure
 12312 | D:7      | Reached skill level 11 in Spellcasting
 12377 | D:7      | Learned a level 1 spell: Pain
 12421 | D:8      | Noticed Prince Ribbit
 12427 | D:8      | Killed Prince Ribbit
 12435 | D:8      | Reached skill level 10 in Ice Magic
 12581 | D:8      | Found a flagged portal.
 12637 | Bailey   | Entered a bailey
 12849 | Bailey   | Noticed an orc knight
 12849 | Bailey   | Noticed an orc knight
 13579 | Bailey   | Killed an orc knight
 13580 | Bailey   | Reached skill level 12 in Spellcasting
 14022 | Bailey   | Killed an orc knight
 15995 | D:8      | Reached skill level 13 in Spellcasting
 17030 | D:9      | Found a staircase to the Orcish Mines.
 17032 | D:9      | Found a radiant altar of Vehumet.
 17041 | D:9      | Noticed a two-headed ogre
 17057 | D:9      | Killed a two-headed ogre
 17058 | D:9      | Reached XP level 11. HP: 59/59 MP: 2/30
 17723 | D:9      | Reached ***** piety under Makhleb
 17873 | D:9      | Reached skill level 14 in Spellcasting
 18043 | D:9      | Found a white marble altar of Elyvilon.
 18043 | D:9      | Found a glowing silver altar of Zin.
 18043 | D:9      | Found a glowing golden altar of the Shining One.
 18055 | D:9      | Noticed Erolcha
 18063 | D:9      | Killed Erolcha
 18231 | D:8      | Noticed Maurice
 18393 | D:8      | Killed Maurice
 18394 | D:8      | Reached skill level 1 in Necromancy
 18819 | D:8      | Found a hazy altar of Hepliaklqana.
 18987 | D:8      | Found an ancient bone altar of Kikubaaqudgha.
 19444 | D:10     | Entered Level 10 of the Dungeon
 19444 | D:10     | Noticed Grum
 19451 | D:10     | Killed Grum
 19874 | D:10     | Noticed an orange crystal statue
 20310 | D:10     | Found a staircase to the Lair.
 20774 | D:10     | Noticed a two-headed ogre
 20797 | D:10     | Killed a two-headed ogre
 20798 | D:10     | Reached skill level 15 in Spellcasting
 20798 | D:10     | Reached skill level 1 in Invocations
 20940 | D:10     | Noticed a two-headed ogre
 20950 | D:10     | Killed a two-headed ogre
 21041 | D:10     | Found an opulent altar of Gozag.
 21145 | D:10     | Found a blossoming altar of Fedhas.
 21196 | Orc:1    | Entered Level 1 of the Orcish Mines
 21385 | Orc:1    | Noticed an orc high priest
 21393 | Orc:1    | Killed an orc high priest
 22909 | Orc:1    | Noticed an orc high priest
 22914 | Orc:1    | Reached XP level 12. HP: 64/64 MP: 33/33
 22922 | Orc:1    | Killed an orc high priest
 23328 | Orc:1    | Noticed a two-headed ogre
 23334 | Orc:1    | Killed a two-headed ogre
 23415 | Orc:2    | Entered Level 2 of the Orcish Mines
 23416 | Orc:2    | Noticed Saint Roka
 23421 | Orc:2    | Slain by an orc warrior

Illustrated notes

Levels and vault maps discovered:
D:1:      minmay_arrival_diagonal_passages, layout_basic,
          shapermc_ecumenical_altar_starsandcircs, minmay_misc_feat_x
D:2:      layout_rooms, uniq_jessica
D:3:      layout_loops_cross, bloody_makhleb, portal_sewer_entry_d,
          chequers_serial_rivers_micro_e, minmay_misc_feat_iff
D:4:      layout_rooms, serial_shops, nicolae_shop_waterfront, uniq_ijyb
D:5:      layout_gridville, chequers_serial_rivers_large_a
D:6:      layout_loops_ring, minmay_manual_mail
D:7:      layout_gridville, mainiacjoe_overflow_six_doors_small,
          grunt_temple_overflow_open, minmay_temple_entry_trees,
          minmay_ruffians, uniq_menkaure, uniq_maggie, uniq_joseph
D:8:      layout_loops_ring, nicolae_hepliaklqana_monster_ancestors,
          kennysheep_vampire_church, enter_bailey_6, uniq_prince_ribbit1,
          uniq_maurice
D:9:      layout_rooms, good_gods_mini_temple, nicolae_vehumet_radiance,
          uniq_erolcha
D:10:     minmay_statue_hallways, layout_loops_ring,
          mainiacjoe_overflow_alcove_4, marbit_many_paths, lair_entry_dummy,
          kennysheep_generic_room_9, uniq_grum
Orc:1:    layout_caves
Orc:2:    pubby_orc_utopia, uniq_donald, uniq_saint_roka

Skill      XL: |  1  2  3  4  5  6  7  8  9 10 11 12 |
---------------+-------------------------------------+-----
Ice Magic      | 5 6 8 9 11 12 13 | 13.1
Spellcasting   | 4 5 7 9 10 13 15 | 15.6
Dodging        | 3 4 5 6 |  6.3
Stealth        | 3 4 |  4.6
Fighting       | 1 2 3 |  3.1
Maces & Flails | 1 2 3 |  3.0
Conjurations   | 1 2 3 4 |  4.9
Armour         | 1 2 3 |  3.1
Short Blades   | 1 2 3 |  3.4
Necromancy     | 2 |  2.3
Invocations    | 2 3 |  3.8

Action                   |  1- 3 |  4- 6 |  7- 9 | 10-12 || total
-------------------------+-------+-------+-------+-------++-------
Melee: Unarmed           |     6 |       |       |       ||     6
       Flail             |       |   153 |    35 |       ||   188
       Punch             |       |     1 |     2 |     2 ||     5
       Dagger            |       |       |    95 |   102 ||   197
 Cast: Freeze            |    69 |    22 |    20 |    50 ||   161
       Frozen Ramparts   |       |     5 |    43 |    96 ||   144
       Hailstorm         |       |       |    41 |    92 ||   133
       Ozocubu's Armour  |       |       |    19 |    33 ||    52
       Pain              |       |       |       |    21 ||    21
Invok: Lesser Servant of |       |       |       |     4 ||     4
       Minor Destruction |       |       |       |    66 ||    66
       Major Destruction |       |       |       |     1 ||     1
  Use: Scroll            |       |     2 |     4 |     5 ||    11
       Potion            |       |     2 |       |     3 ||     5
 Stab: Sleeping          |       |     3 |     1 |       ||     4
Armor: Robe              |    10 |    33 |     5 |    66 ||   114
       Leather armour    |       |       |    54 |    14 ||    68
Dodge: Dodged            |    58 |   103 |   107 |   128 ||   396
